 Dungeon Crawl Stone Soup version 0.13.1-19-g4b9377e (webtiles) character file.

104 Kae the Vexing (level 3, 0/16 HPs)
             Began as a Spriggan Enchanter on Dec 27, 2013.
             Killed by divine providence
             ... invoked by an orc priest
              (10 damage)
             ... on Level 4 of the Dungeon.
             The game lasted 00:02:39 (1734 turns).

Kae the Vexing (Spriggan Enchanter)                 Turns: 1734, Time: 00:02:39

HP   0/16        AC  3     Str  5      XL: 3   Next: 25%
MP   6/9         EV 18     Int 16      God:
Gold 66          SH  0     Dex 16      Spells:  2 memorised,  3 levels left

Res.Fire  : . . .   See Invis. : +   a - +1 dagger {=f}
Res.Cold  : . . .   Warding    : .   b - +1 robe (curse)
Life Prot.: . . .   Conserve   : .   (shield restricted)
Res.Poison: .       Res.Corr.  : .   (helmet restricted)
Res.Elec. : .       Clarity    : .   (no cloak)
Sust.Abil.: . .     Spirit.Shd : .   (gloves unavailable)
Res.Mut.  : .       Stasis     : .   (boots unavailable)
Res.Rott. : .       Flight     : .   (no amulet)
Saprovore : . . .                    (no ring)
                                     (no ring)

@: very quick, slightly resistant to hostile enchantments, stealthy
A: unfitting armour, see invisible, herbivore 3, speed 3, slow metabolism 2
a: no special abilities


You were on level 4 of the Dungeon.
You were not hungry.

You visited 1 branch of the dungeon, and saw 3 of its levels.

You collected 46 gold pieces.

Inventory:

Hand weapons
 a - a +1,+1 dagger (weapon) {=f}
Missiles
 d - 62 darts (quivered)
 l - 18 darts of frost
Armour
 b - a cursed +1 robe (worn)
Comestibles
 h - 3 chokos
 p - an apple
Scrolls
 f - 3 scrolls of identify {unknown}
 g - 3 scrolls of remove curse {unknown}
 i - a scroll of blinking
 m - a scroll of enchant armour {unknown}
Jewellery
 q - an uncursed ring of protection from fire {unknown}
Potions
 e - a potion of porridge
 j - a potion of curing
 k - a potion of heal wounds {unknown}
 n - a potion of mutation {unknown}
 r - 2 potions of speed {unknown}
Books
 c - a book of Maledictions

   Spells                             Type                      Level
   *Corona                            Hexes                        1
   Sure Blade                         Hexes/Charms                 2
   *Ensorcelled Hibernation           Hexes/Ice                    2
   Confuse                            Hexes                        3
   Enslavement                        Hexes                        4
   Invisibility                       Hexes                        6


   Skills:
 * Level 2.5 Short Blades
 - Level 1.1 Throwing
 - Level 3.0 Dodging
 * Level 3.6 Stealth
 + Level 2.3 Spellcasting
 + Level 3.8 Hexes


You had 3 spell levels left.
You knew the following spells:

 Your Spells              Type           Power        Failure   Level  Hunger
a - Corona                Hex            ##.....      6%          1    #......
b - Ensorcelled Hibernat  Hex/Ice        #.....       14%         2    ##.....


Dungeon Overview and Level Annotations

Branches:
Dungeon (4/27)
 Temple: D:4-7

Altars:


Innate Abilities, Weirdness & Mutations

You are tiny and cannot use many weapons and most armour.
You have supernaturally acute eyesight.
You are a herbivore.
You cover ground extremely quickly.
You need consume almost no food.


Message History

The shaft crumbles and collapses.
You spend a moment contemplating the meaning of life.
Found a stone staircase leading up.
(D) Dungeon
Where to? (Enter - D:2, ? - help)
An orc priest comes into view.
It is wielding an orcish morningstar. 2 orc wizards come into view.
The orc wizard shouts!
The orc priest shouts!
An orc priest comes into view.
The orc wizard shouts!
An adder comes into view.
The orc priest shouts!
The orc priest invokes the aid of Beogh against you.
You resist.
The orc wizard points at you and mumbles some strange words.
The puff of flame hits you!
The orc priest calls down the wrath of Beogh upon you.
Something smites you!
Ouch! That really hurt!
You die...

... .........
#.....S...#
#.........#
#......o..#
#.......o.#
#......o..#
#....<.o..#
#....@....#
#.........#
#.........###
#######............
...................
.................##.
#######.........#
#.........#
#.........#


You could see 2 orc priests, 2 orc wizards and an adder.

Vanquished Creatures
  An adder (D:2)
  2 giant geckos
  A bat (D:2)
  3 giant cockroaches
  4 hobgoblins (D:1)
  7 jackals (D:1)
  2 kobolds
  3 goblins (D:1)
  A rat (D:1)
24 creatures vanquished.

Notes
Turn   | Place    | Note
--------------------------------------------------------------
     0 | D:1      | Kae, the Spriggan Enchanter, began the quest for the Orb.
     0 | D:1      | Reached XP level 1. HP: 9/9 MP: 4/4
   374 | D:1      | Reached XP level 2. HP: 2/13 MP: 3/6
   407 | D:1      | Learned a level 2 spell: Ensorcelled Hibernation
  1678 | D:2      | Reached XP level 3. HP: 16/16 MP: 6/9
  1725 | D:2      | You fall through a shaft!
  1734 | D:4      | Killed from afar by an orc priest

Action                   || total
-------------------------++-------
Melee: Dagger            ||   110
 Cast: Corona            ||    10
       Ensorcelled Hiber ||     7
  Use: Potion            ||     1
       Scroll            ||     6
 Stab: Sleeping          ||     6
